 Dungeon Crawl Stone Soup version 0.32-a0-132-g2d33c3cfaf (webtiles) character file.

Game seed: 16282913781764289989

694 porpoise the Shooter (level 7, -1/56 HPs)
             Began as a Barachi Hunter on Feb 10, 2024.
             Slain by Pikel
             ... wielding a +1 whip of freezing
              (9 damage)
             ... on level 5 of the Dungeon.
             The game lasted 00:09:26 (3710 turns).

porpoise the Shooter (Barachi Hunter)               Turns: 3710, Time: 00:09:27

Health: -1/56      AC: 15    Str: 13    XL:     7   Next: 64%
Magic:  7/7        EV: 12    Int:  9    God:
Gold:   204        SH:  0    Dex: 20    Spells: 6/6 levels left

rFire   + . .        a - +0 shortbow
rCold   + . .        (shield currently unavailable)
rNeg    . . .        u - +3 leather armour of the Morning {Dex+3}
rPois   +            x - +2 helmet
rElec   +            p - +0 cloak
rCorr   +            r - +0 pair of gloves
SInv    .            (no boots)
Will    .....        (no amulet)
Stlth   +++          k - +4 ring of protection
HPRegen 0.29/turn    q - ring of resist corrosion
MPRegen 0.10/turn

%: no passive effects
@: resistant, hasted, quick
A: amphibious, slowness 1, strong legs 1, +LOS
a: Hop


You were on level 5 of the Dungeon.
You visited 1 branch of the dungeon, and saw 5 of its levels.

You collected 204 gold pieces.

Inventory:

Hand Weapons
 a - a +0 shortbow (weapon)
 b - a +5 dagger
 w - a +2 short sword of holy wrath
Missiles
 e - 3 boomerangs
 z - 3 atropa-tipped darts
 B - 4 silver javelins
Armour
 o - a scarf of invisibility
 p - a +0 cloak (worn)
 r - a +0 pair of gloves (worn)
 u - the +3 leather armour of the Morning (worn) {Dex+3}
   (You found it on level 3 of the Dungeon)

   Dex+3:     It affects your dexterity (+3).
 x - a +2 helmet (worn)
Magical Staves
 v - a staff of earth
Jewellery
 k - a +4 ring of protection (left hand)
 q - a ring of resist corrosion (right hand)
Wands
 t - a wand of mindburst (20)
Scrolls
 f - a scroll of vulnerability
 g - a scroll of brand weapon {unknown}
 i - 2 scrolls of identify {unknown}
 l - a scroll of butterflies
 m - 3 scrolls of poison {unknown}
 n - a scroll of amnesia {unknown}
 s - a scroll of acquirement {unknown}
 y - a scroll of teleportation {unknown}
 A - a scroll of torment {unknown}
Potions
 h - a potion of mutation {unknown}
 j - a potion of heal wounds {unknown}
 C - a potion of cancellation {unknown}
 D - a potion of enlightenment {unknown}


   Skills:
 + Level 5.3 Fighting
 * Level 7.0 Ranged Weapons
 - Level 2.1 Dodging
 + Level 4.0 Stealth


You had 6 spell levels left.
You didn't know any spells.
Your spell library contained the following spells:

 Spells                   Type           Power      Damage    Failure   Level
 Sting                    Conj/Alch      0%         1d3       45%         1
 Lesser Beckoning         Tloc           0%         N/A       61%         2
 Mercury Vapours          Alch/Air       0%         N/A       61%         2
 Gell's Gravitas          Tloc           0%         N/A       83%         3
 Teleport Other           Tloc           0%         N/A       83%         3
 Olgreb's Toxic Radiance  Alch           0%         N/A       99%         4


Dungeon Overview and Level Annotations

Branches:
Dungeon (5/15)
 Temple: D:4-7

Altars:
Xom

Annotations:
D:1 1 transporter
D:5 3 runed translucent doors, Ceno's ghost, novice NaIE; Pikel


Innate Abilities, Weirdness & Mutations

You are amphibious.
You cover ground slowly.
You can hop short distances.
You have an extended range of vision and can be seen from far away.


Message History

Pikel hits you but does no damage.
You shoot an arrow.
The arrow hits Pikel but does no damage.
Pikel is severely wounded.
You shoot an arrow.
The arrow hits Pikel but does no damage.
Pikel is severely wounded.
Pikel hits you with a +1 whip of freezing!
* * * LOW HITPOINT WARNING * * *
Pikel freezes you.
* * * LOW HITPOINT WARNING * * *
Fire: a) +0 shortbow
Press: ? - help, Q - select action, (/) - cycle Shift-Dir - straight line, f/p - Pikel
Aim: Pikel, wielding a +1 whip of freezing and wearing a +0 robe (severely wounded, 61% to hit)
You shoot an arrow. The arrow closely misses Pikel.
The arrow hits the lemure but does no damage.
The lemure is severely wounded.
Pikel misses you.
Fire: a) +0 shortbow
Press: ? - help, Q - select action, (/) - cycle Shift-Dir - straight line, f/p - Pikel
Aim: Pikel, wielding a +1 whip of freezing and wearing a +0 robe (severely wounded, 61% to hit)
You shoot an arrow. The arrow misses Pikel.
The arrow hits the lemure.
The lemure is almost dead.
You hear a shout!
Pikel hits you but does no damage.
Fire: a) +0 shortbow
Press: ? - help, Q - select action, (/) - cycle Shift-Dir - straight line, f/p - Pikel
Aim: Pikel, wielding a +1 whip of freezing and wearing a +0 robe (severely wounded, 61% to hit)
You shoot an arrow. The arrow closely misses Pikel.
The arrow hits the lemure but does no damage.
The lemure is almost dead.
Fire: a) +0 shortbow
Press: ? - help, Q - select action, (/) - cycle Shift-Dir - straight line, f/p - Pikel
Aim: Pikel, wielding a +1 whip of freezing and wearing a +0 robe (severely wounded, 61% to hit)
You shoot an arrow.
The arrow hits Pikel but does no damage.
Pikel is severely wounded.
Pikel hits you with a +1 whip of freezing!
You die...
Pikel says, "Another soul for the market."

# ## # ##### #.
#.. #...# ####.
#...#+###.^.#
#....
+.......#...#
#.##.
........[...###
#.##.
#######@#..'.#
#.##. 5.
#K#..#.# ###.##.
#.#5####.#
#...##. #K.5#
#.#######.##.
#####
#.##......##.
#.##.####....
####.##.####.###
#..............>
#.##.##.##....#.


You could see Pikel and 2 lemures.

Vanquished Creatures
  A water moccasin (D:5)
  An ogre (D:4)
  2 phantoms
  A lemure (D:5)
  A jelly (D:5)
  A bombardier beetle (D:3)
  2 orc priests (D:4)
  A hound (D:4)
  9 adders
  3 gnolls (D:2)
  2 ufetubi (D:5)
  5 dart slugs
  4 orcs
  2 ball pythons
  9 endoplasms
  2 giant cockroaches
  7 goblins
  8 hobgoblins
  2 jackals (D:2)
  5 kobolds
  3 quokkas
  5 bats
  A frilled lizard (D:1)
  4 rats
81 creatures vanquished.

Notes
Turn   | Place    | Note
-------+----------+-------------------------------------------
     0 | D:1      | porpoise the Barachi Hunter began the quest for the Orb.
     0 | D:1      | Reached XP level 1. HP: 17/17 MP: 1/1
   160 | D:1      | Reached skill level 1 in Stealth
   197 | D:1      | Reached XP level 2. HP: 20/23 MP: 2/2
   621 | D:2      | Reached XP level 3. HP: 28/28 MP: 3/3
  1022 | D:2      | Reached XP level 4. HP: 35/35 MP: 4/4
  1256 | D:2      | Reached skill level 5 in Ranged Weapons
  1558 | D:3      | Reached XP level 5. HP: 35/41 MP: 5/5
  1613 | D:3      | Identified the +3 leather armour of the Morning {Dex+3}
  2191 | D:4      | Noticed a phantom
  2210 | D:4      | Killed a phantom
  2211 | D:4      | Reached XP level 6. HP: 41/48 MP: 6/6
  2263 | D:4      | Reached skill level 6 in Ranged Weapons
  2548 | D:4      | Reached XP level 7. HP: 55/55 MP: 7/7
  3307 | D:5      | Entered Level 5 of the Dungeon
  3441 | D:5      | Found a shimmering altar of Xom.
  3472 | D:5      | Reached skill level 5 in Fighting
  3513 | D:5      | Found a runed translucent gate.
  3513 | D:5      | Found a runed translucent gate.
  3514 | D:5      | Found a runed translucent gate.
  3514 | D:5      | Noticed Ceno's ghost (novice NaIE)
  3531 | D:5      | Reached skill level 7 in Ranged Weapons
  3668 | D:5      | Noticed Pikel
  3710 | D:5      | Slain by Pikel

Illustrated notes

Levels and vault maps discovered:
D:1:      spicycebolla_arrival_risky_transporter, layout_loops_ring
D:2:      layout_loops_ring
D:3:      layout_basic, nicolae_elevator_lobby_asterisk
D:4:      layout_basic
D:5:      layout_basic, mainiacjoe_overflow_catwalk, gammafunk_ghost_necromancy,
          minmay_misc_feat_ornament, grunt_decor_one_mirror,
          nicolae_kite_square_tiling_tiny, kennysheep_flooded_box, uniq_pikel

Skill      XL: |  1  2  3  4  5  6  7 |
---------------+----------------------+-----
Stealth        | 1 2 3 4 |  4.0
Fighting       | 3 4 5 |  5.3
Ranged Weapons | 5 6 7 |  7.0
Dodging        | |  2.1

Action                     |  1- 3 |  4- 6 |  7- 9 || total
---------------------------+-------+-------+-------++-------
  Melee: Dagger            |     4 |       |       ||     4
   Fire: Shortbow          |    66 |   156 |    97 ||   319
    Use: Scroll            |       |     1 |       ||     1
         Potion            |       |       |     2 ||     2
 Armour: Leather armour    |    17 |    38 |    47 ||   102
  Dodge: Dodged            |    26 |    54 |    34 ||   114

Table legend: (Time is in decaauts)
 A = Elapsed time spent in this place.
 B = Non-inter-level travel time spent in this place.
 C = Inter-level travel time spent in this place.
 D = Time resting spent in this place.
 E = Time spent auto-exploring this place.
 F = Levels seen in this place.
 G = Mean time per level.
                   A        B        C        D        E       F      G
               +--------+--------+--------+--------+--------+-----+--------+
         Total |   4228 |   4143 |     85 |    895 |   2630 |   5 |  845.6 |
       Dungeon |   4228 |   4143 |     85 |    895 |   2630 |   5 |  845.6 |
               +--------+--------+--------+--------+--------+-----+--------+

Top non-repeatable levels by time:
     D:4: 1289 daAuts
     D:2: 1079 daAuts
     D:3: 722 daAuts
     D:1: 701 daAuts
     D:5: 435 daAuts
